 Dungeon Crawl Stone Soup version 0.26-a0-831-g7192265339 (webtiles) character file.

Game seed: 16816216985600931844

541 jasper the Slasher (level 7, -1/60 HPs)
             Began as a Palentonga Delver on Nov 15, 2020.
             Was a Believer of Dithmenos.
             Slain by a gnoll
             ... wielding a +0 flail
              (11 damage)
             ... on level 5 of the Dungeon.
             The game lasted 00:06:17 (6090 turns).

jasper the Slasher (Palentonga Delver)              Turns: 6090, Time: 00:06:17

Health: -1/60      AC: 12    Str: 15    XL:     7   Next: 5%
Magic:  7/7        EV:  6    Int: 10    God:    Dithmenos [**....]
Gold:   257        SH:  6    Dex: 14    Spells: 6/6 levels left

rFire    . . .     SeeInvis +   a - +0 falchion
rCold    + . .     Faith    .   s - -1 kite shield
rNeg     . . .     Spirit   .   o - +0 ring mail
rPois    .         Reflect  .   (no helmet)
rElec    .         Harm     .   (no cloak)
rCorr    +         Rampage  .   (no gloves)
MR       .....                  (no barding)
Stlth    ++........             (no amulet)
HPRegen  0.20/turn              k - ring of resist corrosion
MPRegen  0.10/turn              y - ring of protection from cold

@: wreathed by umbra, curled up
A: large, rugged brown scales 3, see invisible, deformed body, roll 1, armoured
tail, reflexive curl
a: Rolling Charge, Shadow Step, Renounce Religion


You were on level 5 of the Dungeon.
You worshipped Dithmenos.
Dithmenos was pleased with you.
You visited 1 branch of the dungeon, and saw 5 of its levels.

You collected 257 gold pieces.

Inventory:

Hand Weapons
 a - a +0 falchion (weapon)
Missiles
 h - 29 poisoned darts
 A - 2 javelins
 B - 5 boomerangs (quivered)
Armour
 b - a +0 leather armour
 o - a +0 ring mail (worn)
 s - a -1 kite shield (worn)
Jewellery
 k - a ring of resist corrosion (left hand)
 y - a ring of protection from cold (right hand)
 C - an uncursed ring of protection from magic
Wands
 g - a wand of digging (3)
 z - a wand of paralysis (1)
Scrolls
 c - a scroll of fog
 d - a scroll of magic mapping
 e - 2 scrolls of fear
 i - 2 scrolls of enchant weapon
 j - 2 scrolls of amnesia
 n - 3 scrolls of teleportation
 q - a scroll of random uselessness {unknown}
 w - 5 scrolls of identify
Potions
 f - a potion of haste
 l - a potion of magic {unknown}
 m - a potion of cancellation
 p - a potion of berserk rage
 r - 3 potions of lignification {unknown}
 t - 2 potions of brilliance {unknown}
 u - 2 potions of curing {unknown}
 v - a potion of heal wounds {unknown}
 x - 2 potions of flight {unknown}


   Skills:
 - Level 3.0 Fighting
 + Level 7.8 Long Blades
 - Level 1.5 Dodging
 - Level 3.3 Stealth


You had 6 spell levels left.
You didn't know any spells.
Your spell library was empty.

Dungeon Overview and Level Annotations

Branches:
Dungeon (5/15)             Temple (0/1) D:5

Altars:
Dithmenos
Fedhas
Nemelex Xobeh
Qazlal
Ru
Vehumet
The Shining One


Innate Abilities, Weirdness & Mutations

You are completely covered in rugged brown scales. (AC +3, +7% HP)
You have supernaturally acute eyesight. (SInv)
Armour fits poorly on your strangely shaped body.
You can roll at nearby foes to attack.
You have a long armoured tail.
You curl defensively after being hit.


Message History

Aim: a gnoll, wielding a -1 spear and wearing a +0 chain mail (severely wounded, umbra, chance to defeat MR: 54%)
The gnoll suddenly stops moving!
The helpless gnoll fails to defend itself.
You slash the gnoll!
You kill the gnoll!
Dithmenos accepts your kill.
Evoke which item? (* to show all) (? for menu, Esc to quit)
Aiming: Paralyse
Press: ? - help, Shift-Dir - straight line, f - gnoll
Aim: a gnoll, wielding a +0 flail (lightly wounded, umbra, chance to defeat MR: 54%)
The gnoll resists with significant effort.
The gnoll barely misses you.
You riposte.
You hit the gnoll but do no damage.
The gnoll is lightly wounded.
Evoke which item? (* to show all) (? for menu, Esc to quit)
Aiming: Paralyse
Press: ? - help, Shift-Dir - straight line, f/p - gnoll
Aim: a gnoll, wielding a +0 flail (lightly wounded, umbra, chance to defeat MR: 54%)
The gnoll resists with significant effort.
The gnoll hits you with a +0 flail!
You die...

...).######.###.##.......#
##..........# #.##.......#
.##)######### #.##.......#
.##.#### #..#.......#
.##....# #..#.......#
.#####.### #..#.......# .#
#.....# ##.#.#...#.#
.###.)...# #g####.####
..##.....# #@# #.#.#
.........# #.####.####
.........# #.#...#...#
._..###### #.#..#.#..#
....# #####.####.####
....# #..........# .####
#.########## ....# #.#
..#.# #.#


You could see a gnoll.

Vanquished Creatures
  A scorpion (D:5)
  A howler monkey (D:5)
  A hound (D:5)
  2 orc priests (D:4)
  A centaur skeleton (D:3)
  An iguana (D:4)
  2 worker ants
  7 gnolls (D:5)
  8 adders
  A white imp (D:3)
  An ooze (D:1)
  A worm (D:3)
  4 dart slugs
  4 leopard geckos
  11 orcs
  2 ball pythons
  11 bats
  6 giant cockroaches
  7 goblins
  5 hobgoblins
  7 kobolds
  3 quokkas
  8 frilled lizards
  A quokka zombie (D:5)
  6 rats
102 creatures vanquished.

Vanquished Creatures (others)
  A plant (D:3)
1 creature vanquished.

Grand Total: 103 creatures vanquished

Notes
Turn   | Place    | Note
-------+----------+-------------------------------------------
     0 | D:5      | jasper the Palentonga Delver began the quest for the Orb.
     0 | D:5      | Reached XP level 1. HP: 20/20 MP: 1/1
    25 | D:4      | Found a glowing golden altar of the Shining One.
    25 | D:4      | Found a shadowy altar of Dithmenos.
    25 | D:4      | Found a radiant altar of Vehumet.
    28 | D:4      | Found a stormy altar of Qazlal.
    32 | D:4      | Became a worshipper of Dithmenos the Shadowed
    40 | D:4      | Reached XP level 2. HP: 27/27 MP: 2/2
    45 | D:4      | Reached skill level 3 in Long Blades
   108 | D:4      | Reached skill level 4 in Long Blades
   108 | D:4      | Reached XP level 3. HP: 11/33 MP: 3/3
   332 | D:4      | Reached XP level 4. HP: 40/40 MP: 4/4
   501 | D:3      | Reached skill level 5 in Long Blades
   907 | D:3      | Reached XP level 5. HP: 48/48 MP: 5/5
  1211 | D:1      | Reached * piety under Dithmenos
  2737 | D:2      | Found a blossoming altar of Fedhas.
  2920 | D:3      | Reached skill level 6 in Long Blades
  3274 | D:3      | Reached ** piety under Dithmenos
  3831 | D:4      | Reached XP level 6. HP: 46/54 MP: 6/6
  4908 | D:5      | Found a sparkling altar of Nemelex Xobeh.
  4936 | D:5      | Reached skill level 7 in Long Blades
  5076 | D:5      | Found a staircase to the Ecumenical Temple.
  5151 | D:5      | HP: 1/54 [gnoll/+0 spear (2)]
  5993 | D:5      | Found a sacrificial altar of Ru.
  6050 | D:5      | Gained mutation: You curl defensively after being hit.
                  | [Palentonga growth]
  6050 | D:5      | Reached XP level 7. HP: 45/60 MP: 7/7
  6090 | D:5      | Slain by a gnoll

Illustrated notes

Levels and vault maps discovered:
D:1:      heliophobic_arrival_ceremonial_halls, layout_basic
D:2:      layout_basic, st_stairs_4, fedhas_altar_4
D:3:      layout_loops_ring, serial_bayou_ford_a
D:4:      layout_layer_cave, chequers_temple_overflow_statue_of_worship,
          portal_sewer_entry_e, kennysheep_generic_room_12
D:5:      layout_loops_cross, nemelex_xobeh_ov_fountains_minmay,
          minmay_temple_entry_hall, basic_altar, minmay_misc_feat_square,
          wad_rectangle_vault

Skill      XL: |  1  2  3  4  5  6 |
---------------+-------------------+-----
Long Blades    | 4 5 6 7 |  7.8
Fighting       | |  3.0
Dodging        | |  1.5
Stealth        | |  3.3

Action                   |  1- 3 |  4- 6 |  7- 9 || total
-------------------------+-------+-------+-------++-------
Melee: Falchion          |    15 |   303 |    14 ||   332
       Tailslap          |     3 |    42 |     2 ||    47
Throw: Dart              |     5 |    25 |       ||    30
       Boomerang         |       |     7 |       ||     7
 Abil: Rolling Charge    |     6 |    57 |     3 ||    66
Evoke: Wand              |       |       |     5 ||     5
  Use: Scroll            |       |     7 |       ||     7
 Stab: Sleeping          |       |     1 |       ||     1
       Paralysed         |       |       |     1 ||     1
Armor: Leather armour    |       |    15 |       ||    15
       Ring mail         |       |   106 |     2 ||   108
Dodge: Dodged            |     5 |    98 |     6 ||   109
Block: Kite shield       |       |    43 |     6 ||    49
       Rpst.: Falchion   |     1 |    30 |     4 ||    35

Table legend: (Time is in decaauts)
 A = Elapsed time spent in this place.
 B = Non-inter-level travel time spent in this place.
 C = Inter-level travel time spent in this place.
 D = Time resting spent in this place.
 E = Time spent auto-exploring this place.
 F = Levels seen in this place.
 G = Mean time per level.
                   A        B        C        D        E       F      G
               +--------+--------+--------+--------+--------+-----+--------+
         Total |   6126 |   6029 |     97 |    809 |   4450 |   5 | 1225.2 |
       Dungeon |   6126 |   6029 |     97 |    809 |   4450 |   5 | 1225.2 |
               +--------+--------+--------+--------+--------+-----+--------+

Top non-repeatable levels by time:
     D:4: 2242 daAuts
     D:3: 1197 daAuts
     D:2: 944 daAuts
     D:5: 891 daAuts
     D:1: 850 daAuts
